 Dungeon Crawl Stone Soup version 0.17-a0-1920-gafa4d75 (webtiles) character file.

669 Ordine the Slasher (level 7, 0/48 HPs)
             Began as an Octopode Fighter on Sept 26, 2015.
             Was an Initiate of Dithmenos.
             Slain by a scorpion (7 damage)
             ... on level 5 of the Dungeon on Sept 27, 2015.
             The game lasted 00:25:54 (4152 turns).

Ordine the Slasher (Octopode Fighter)               Turns: 4152, Time: 00:25:54

Health: 0/48       AC:  2    Str: 15    XL:     7   Next: 58%
Magic:  7/7        EV: 11    Int: 10    God:    Dithmenos [......]
Gold:   228        SH:  9    Dex: 14    Spells: 0 memorised, 6 levels left

rFire  . . .     SeeInvis .     a - +0 long sword
rCold  . . .     Clarity  .     b - +0 shield
rNeg   . . .     SustAt   .     k - +1 hat
rPois  .         Gourm    .     j - amulet of faith
rElec  .         Spirit   .     i - ring of protection from magic
rCorr  .         Warding  .     u - ring of wizardry
rMut   .         Stasis   .     (no ring)
MR     +....                    (no ring)
Stlth  ++........               (no ring)
                                (no ring)
                                (no ring)
                                (no ring)

@: lethally poisoned (0 -> -5), somewhat resistant to hostile enchantments,
unstealthy
A: almost no armour, amphibious, 8 rings, constrict 8, camouflage 1, gelatinous
body 1
a: Renounce Religion


You were on level 5 of the Dungeon.
You worshipped Dithmenos.
Dithmenos was noncommittal.
You were not hungry.

You visited 2 branches of the dungeon, and saw 6 of its levels.

You collected 228 gold pieces.

Inventory:

Hand weapons
 a - a +0 long sword (weapon)
Armour
 b - a +0 shield (worn)
 k - a +1 hat (worn)
Jewellery
 i - a ring of protection from magic (left tentacle)
 j - an amulet of faith (around mantle)
 u - a ring of wizardry (right tentacle)
Scrolls
 g - 2 scrolls of blinking
 h - a scroll of teleportation
 q - a scroll of remove curse
Potions
 e - 2 potions of brilliance
 m - a potion of haste
 n - 3 potions of lignification {unknown}
 o - 2 potions of ambrosia {unknown}
 p - a potion of agility {unknown}
 r - a potion of cure mutation {unknown}
 t - a potion of flight {unknown}
Comestibles
 c - 5 chunks of flesh
 d - 2 bread rations
 f - 2 beef jerkies
 l - a meat ration


   Skills:
 - Level 4.0 Fighting
 * Level 7.8 Long Blades
 - Level 3.0 Dodging
 - Level 3.0 Shields


You had 6 spell levels left.
You didn't know any spells.

Dungeon Overview and Level Annotations

Branches:
Dungeon (5/15)             Temple (1/1) D:4

Altars:
Ashenzari
Cheibriados
Dithmenos
Elyvilon
Fedhas
Gozag
Kikubaaqudgha
Makhleb
Nemelex Xobeh
Okawaru
Qazlal
Ru
Sif Muna
Trog
Vehumet
Yredelemnul
Zin


Innate Abilities, Weirdness & Mutations

You cannot wear most types of armour.
You are amphibious.
You can wear up to eight rings at the same time.
You can use your tentacles to constrict eight enemies at once.
Your skin changes colour to match your surroundings (Stealth).
Your rubbery body absorbs attacks (AC +1).


Message History

A scorpion comes into view.
The scorpion stings you.
You barely miss the scorpion. You grab the scorpion.
You constrict the scorpion. You hit the scorpion but do no damage.
You squeeze the scorpion.
The scorpion is moderately wounded.
You constrict the scorpion. The scorpion stings you!
* * * LOW HITPOINT WARNING * * *
You are poisoned.
The scorpion poisons you!
You hit the scorpion but do no damage.
The scorpion is heavily wounded.
You constrict the scorpion.
You feel sick. The scorpion closely misses you.
You hit the scorpion but do no damage. Your squeeze misses the scorpion.
The scorpion is heavily wounded.
You constrict the scorpion.
You feel sick. The scorpion barely misses you.
You hit the scorpion.
The scorpion is severely wounded.
You constrict the scorpion.
You feel sick. The scorpion stings you!
You die...

#.......# #.#
#)......# #.#
#......## #.#
#......# #.# #......#
#.### #......# +...#
#......#
#...#####......#
+.....#s@..<...#
#...#.#.#.........
#.##.###.#.####+####.
#........#....# .
#..##+##.#.##.# #..
#..###.# #. #......#
#. #..##### #..#


You could see a scorpion.

Vanquished Creatures
  Eustachio (D:5)
  2 ogres (D:4)
  2 orc priests (D:3)
  An orc wizard (D:4)
  6 worker ants
  3 adders
  An ooze (D:4)
  3 giant geckos (D:1)
  9 orcs
  A giant cockroach (D:1)
  4 goblins
  8 hobgoblins
  13 jackals
  A quokka (D:3)
  2 ball pythons
  8 bats
  7 giant newts
  7 kobolds
  17 rats
96 creatures vanquished.

Notes
Turn   | Place    | Note
--------------------------------------------------------------
     0 | D:1      | Ordine the Octopode Fighter began the quest for the Orb.
     0 | D:1      | Reached XP level 1. HP: 16/16 MP: 1/1
   229 | D:1      | Reached XP level 2. HP: 21/21 MP: 2/2
   464 | D:1      | Reached XP level 3. HP: 19/27 MP: 3/3
   832 | D:2      | Reached skill level 4 in Fighting
  1132 | D:2      | Reached XP level 4. HP: 28/33 MP: 4/4
  1191 | D:2      | Found a white marble altar of Elyvilon.
  1197 | D:2      | Found a burning altar of Makhleb.
  2215 | D:3      | Reached XP level 5. HP: 8/37 MP: 5/5
  2793 | D:4      | Noticed an ogre
  2809 | D:4      | Killed an ogre
  2809 | D:4      | Reached skill level 5 in Long Blades
  2809 | D:4      | Reached XP level 6. HP: 26/43 MP: 6/6
  2913 | D:4      | HP: 2/43 [worker ant (6)]
  2920 | D:4      | Reached skill level 6 in Long Blades
  3228 | D:4      | Found a staircase to the Ecumenical Temple.
  3249 | Temple   | Entered the Ecumenical Temple
  3408 | Temple   | Became a worshipper of Dithmenos the Shadowed
  3517 | D:4      | Found a sparkling altar of Nemelex Xobeh.
  3661 | D:4      | Noticed an ogre
  3674 | D:4      | Killed an ogre
  3674 | D:4      | Reached XP level 7. HP: 34/48 MP: 7/7
  4016 | D:5      | Entered Level 5 of the Dungeon
  4032 | D:5      | Reached skill level 7 in Long Blades
  4039 | D:5      | Noticed Eustachio
  4055 | D:5      | Killed Eustachio
  4152 | D:5      | Slain by a scorpion

Vault maps used:
D:1:      mainiacjoe_arrival_reflecting_pool, minivault_4, nrook_mini_backslash,
          serial_bayou_pond_b, minmay_rat_gold_closets
D:2:      amethyst_overflow_temple_binary, first_bread
D:3:      serial_forest, infiniplex_forest_lined_corner,
          infiniplex_forest_clump_small, infiniplex_forest_straight_1,
          infiniplex_forest_lined_3, infiniplex_forest_lined_room_,
          infiniplex_forest_fountain, infiniplex_forest_lined_room_2,
          infiniplex_forest_end_3, infiniplex_forest_straight_1,
          infiniplex_forest_clump_small, kennysheep_generic_room_8
D:4:      nemelex_deck, temple_pool_a
D:5:      minmay_misc_feat_room, uniq_eustachio, uniq_duvessa
Temple:   chambers_temple_14

Action                   |  1- 3 |  4- 6 |  7- 9 || total
-------------------------+-------+-------+-------++-------
Melee: Long sword        |    55 |   118 |    21 ||   194
  Use: Scroll            |     5 |     6 |     1 ||    12
       Potion            |       |     2 |     1 ||     3
 Stab: Sleeping          |    12 |     5 |     2 ||    19
       Distracted        |       |     1 |       ||     1
  Eat: Chunk             |     1 |     3 |       ||     4
       Meat ration       |       |     1 |     1 ||     2
